 Dungeon Crawl Stone Soup version 0.31-a0-1308-ga3cce3a448 (webtiles) character file.

Game seed: 3548314730440694283

534 Fodor the Chopper (level 7, -4/91 HPs)
             Began as a Minotaur Fighter on Dec 19, 2023.
             Killed from afar by an orc wizard (8 damage)
             ... with a puff of flame
             ... on level 3 of the Dungeon.
             The game lasted 00:12:16 (2318 turns).

Fodor the Chopper (Minotaur Fighter)                Turns: 2318, Time: 00:12:17

Health: -4/91      AC: 27    Str: 28      XL:     7   Next: 4%
Magic:  6/6        EV:  2    Int:  5      God:
Gold:   89         SH:  4    Dex:  9 (10) Spells: 6/6 levels left

rFire   . . .        a - +0 war axe
rCold   . . .        c - +0 buckler
rNeg    . . .        b - melded +0 scale mail
rPois   +            (helmet currently unavailable)
rElec   .            (cloak currently unavailable)
rCorr   .            (gloves currently unavailable)
SInv    .            (boots currently unavailable)
Will    .....        (no amulet)
Stlth   +            k - +6 ring of strength
HPRegen 0.35/turn    i - +4 ring of protection
MPRegen 0.10/turn

%: no passive effects
@: tree-form, hasted, very quick
A: stationary, stasis, torment immunity, boosted hp, (horns 2), (retaliatory
headbutt)
a: no special abilities


You were on level 3 of the Dungeon.
You were a tree.
You visited 1 branch of the dungeon, and saw 3 of its levels.
You also visited: Sewer.

You collected 89 gold pieces.

Inventory:

Hand Weapons
 a - a +0 war axe (weapon)
Armour
 b - a +0 scale mail (melded)
 c - a +0 buckler (worn)
Jewellery
 f - a +6 ring of intelligence
 i - a +4 ring of protection (right branch)
 j - a ring of willpower
 k - a +6 ring of strength (left branch)
 q - a ring of ice
Talismans
 s - a beast talisman (active)
Scrolls
 e - 2 scrolls of vulnerability
 n - a scroll of acquirement {unknown}
 o - a scroll of teleportation
 r - a scroll of blinking {unknown}
 u - a scroll of enchant armour {unknown}
 v - a scroll of amnesia {unknown}
Potions
 d - a potion of resistance {unknown}
 g - a potion of heal wounds {unknown}
 p - a potion of enlightenment {unknown}
 t - 4 potions of cancellation {unknown}
 w - 2 potions of brilliance {unknown}


   Skills:
 + Level 5.2 Fighting
 + Level 5.7 Axes
 + Level 5.5 Armour
 + Level 2.2 Dodging
 + Level 0.7 Stealth
 + Level 4.4 Shields
 + Level 0.8 Shapeshifting


You had 6 spell levels left.
You didn't know any spells.
Your spell library was empty.

Dungeon Overview and Level Annotations

Branches:
Dungeon (3/15)              Sewer (visited)

Altars:
Fedhas


Innate Abilities, Weirdness & Mutations

You are a tree.
Your roots penetrate the ground, keeping you stationary.
You cannot be teleported.
You are immune to unholy pain and torment.
Your maximum health is greatly increased.
Your equipment is partially melded.
((You have a pair of horns on your head.))
((You reflexively headbutt those who attack you in melee.))


Message History

The puff of flame hits you but does no damage.
The endoplasm hits you but does no damage.
The bat hits you but does no damage. The bat barely misses you.
You hear some strange, mumbled words.
A magic dart appears from out of thin air!
The magic dart hits you but does no damage.
The endoplasm freezes you.
You are frozen.
* * * LOW HITPOINT WARNING * * *
Something hits you but does no damage. You block the orc's attack. x2
The orc wizard hits you but does no damage.
A bat comes into view.
The bat hits you but does no damage.
The orc wizard hits you but does no damage.
Something hits you but does no damage.
A kobold comes into view. It is wielding a +0 whip.
The endoplasm freezes you.
You are frozen.
* * * LOW HITPOINT WARNING * * *
Something hits you.
* * * LOW HITPOINT WARNING * * *
You block the orc's attack. The orc hits you but does no damage.
The bat moves out of view.
The bat hits you but does no damage.
Unknown command.
Something hits you but does no damage. The orc hits you but does no damage. x2
Something hits you but does no damage.
The orc wizard points at you and mumbles some strange words.
You resist with some effort.
The endoplasm hits you but does no damage.
The kobold shouts!
An orc wizard appears from thin air!
Reactivating autopickup.
You block the bat's attack. Something hits you but does no damage.
Deactivating autopickup; reactivate with Ctrl-A.
The orc hits you but does no damage. x2
The orc wizard points at you and mumbles some strange words.
The puff of flame hits you!
You die...

####~~##..#............#
~÷~~~~~...#........)...#
####~~##.###.......†...#
#~~####..# #..........##
~~~~÷~#..# #..........#
~.~~~~#..#
#........##....
#~~##~#..# #........#
..... ####~~####
#....ob..##.....
~~÷~~~~#
#...o♣{.........
####~~##
#....Joo......... # ####
#...b.........)
#.........#....
#.........##...
..........K# ...
...........# ..
...........#


You could see 2 orc wizards, 2 orcs, an endoplasm, 2 bats and a kobold.

Vanquished Creatures
  Grinder (Sewer)
  A kobold brigand (Sewer)
  2 quasits (Sewer)
  A hound (D:2)
  An orc priest (D:3)
  Robin (D:2)
  A river rat (D:3)
  3 shadow imps (Sewer)
  3 ufetubi (Sewer)
  3 worms (D:3)
  A dart slug (D:2)
  7 orcs (D:3)
  5 ball pythons
  5 endoplasms
  5 giant cockroaches
  9 goblins
  8 hobgoblins
  3 jackals (D:2)
  18 kobolds
  6 quokkas
  2 bats (Sewer)
  3 frilled lizards
  4 rats
93 creatures vanquished.

Vanquished Creatures (others)
  An endoplasm (Sewer)
  A kobold zombie (Sewer)
2 creatures vanquished.

Grand Total: 95 creatures vanquished

Notes
Turn   | Place    | Note
-------+----------+-------------------------------------------
     0 | D:1      | Fodor the Minotaur Fighter began the quest for the Orb.
     0 | D:1      | Reached XP level 1. HP: 19/19 MP: 0/0
   255 | D:1      | Found a faded altar of an unknown god.
   691 | D:1      | Reached XP level 2. HP: 27/27 MP: 1/1
  1175 | D:2      | Found a blossoming altar of Fedhas.
  1239 | D:2      | Reached XP level 3. HP: 31/33 MP: 2/2
  1537 | D:2      | Reached XP level 4. HP: 39/40 MP: 3/3
  1553 | D:2      | Noticed Robin
  1558 | D:2      | Killed Robin
  1798 | D:3      | Found a glowing drain.
  1813 | Sewer    | Entered a sewer
  1848 | Sewer    | Reached XP level 5. HP: 36/46 MP: 4/4
  2009 | Sewer    | Found a burning altar of Makhleb.
  2043 | Sewer    | Reached skill level 5 in Axes
  2043 | Sewer    | Reached skill level 1 in Dodging
  2043 | Sewer    | Reached XP level 6. HP: 32/55 MP: 5/5
  2078 | Sewer    | Reached skill level 5 in Armour
  2101 | Sewer    | Noticed Grinder
  2115 | Sewer    | Killed Grinder
  2116 | Sewer    | Reached skill level 5 in Fighting
  2288 | D:3      | Reached XP level 7. HP: 44/61 MP: 6/6
  2315 | D:3      | HP: 4/91 [frozen (2)]
  2318 | D:3      | Killed from afar by an orc wizard

Illustrated notes

Levels and vault maps discovered:
D:1:      saegor_arrival_fortress, layout_loops_corners, basic_ecumenical_altar,
          grunt_decor_fettered
D:2:      layout_loops_ring, basic_altar, uniq_robin
D:3:      minmay_evil_eye, layout_basic, serial_shops,
          nicolae_shop_gaudy_bauble, gup_sewer_entry_bubbles

Skill      XL: |  1  2  3  4  5  6 |
---------------+-------------------+-----
Armour         | 4 5 |  5.5
Fighting       | 4 5 |  5.2
Axes           | 3 4 5 |  5.7
Shields        | 4 |  4.4
Dodging        | 1 2 |  2.2
Stealth        | |  0.7
Shapeshifting  | |  0.8

Action                     |  1- 3 |  4- 6 |  7- 9 || total
---------------------------+-------+-------+-------++-------
  Melee: War axe           |    57 |   115 |    10 ||   182
         Headbutt          |     9 |    19 |     1 ||    29
    Use: Potion            |       |     2 |     2 ||     4
         Scroll            |       |       |     2 ||     2
 Armour: Scale mail        |    36 |   121 |    29 ||   186
         Skin              |       |       |    91 ||    91
  Dodge: Dodged            |    30 |    85 |    16 ||   131
  Block: Buckler           |    13 |    25 |    15 ||    53
   Form: Beast             |       |     1 |       ||     1

Table legend: (Time is in decaauts)
 A = Elapsed time spent in this place.
 B = Non-inter-level travel time spent in this place.
 C = Inter-level travel time spent in this place.
 D = Time resting spent in this place.
 E = Time spent auto-exploring this place.
 F = Levels seen in this place.
 G = Mean time per level.
                   A        B        C        D        E       F      G
               +--------+--------+--------+--------+--------+-----+--------+
         Total |   2404 |   2370 |     34 |     84 |      0 |   4 |  601.0 |
       Dungeon |   1976 |   1942 |     34 |      0 |      0 |   3 |  658.7 |
         Sewer |    428 |    428 |      0 |     84 |      0 |   1 |  428.0 |
               +--------+--------+--------+--------+--------+-----+--------+

Top non-repeatable levels by time:
     D:1: 1043 daAuts
     D:2: 690 daAuts
   Sewer: 428 daAuts
     D:3: 243 daAuts
